 Dungeon Crawl Stone Soup version 0.29.1-14-g9c671dbff4 (webtiles) character file.

Game seed: 5363276050471368806

218 sankara the Conjurer (level 5, 0/38 HPs)
             Began as a Draconian Conjurer on Feb 17, 2023.
             Slain by an orc warrior
             ... wielding a +0 dire flail
              (11 damage)
             ... on level 3 of the Dungeon.
             The game lasted 00:10:07 (3643 turns).

sankara the Conjurer (Draconian Conjurer)           Turns: 3643, Time: 00:10:08

Health: 0/38       AC:  7    Str:  9    XL:     5   Next: 63%
Magic:  2/9        EV: 12    Int: 20    God:
Gold:   127        SH:  9    Dex: 14    Spells: 3/9 levels left

rFire   . . .      SeeInvis .   a - +0 dagger
rCold   . . .      Faith    .   p - +0 buckler
rNeg    . . .      Spirit   .   (body armour unavailable)
rPois   .          Reflect  +   (helmet restricted)
rElec   .          Harm     .   (no cloak)
rCorr   .          Rampage  .   w - +0 pair of gloves
Will    .....                   b - +0 pair of boots
Stlth   ++........              s - amulet of reflection
HPRegen 0.12/turn               q - +4 ring of slaying
MPRegen 0.11/turn               t - ring of Xobim {Wiz Dex+4}

@: no status effects
A: AC +5, unfitting armour, cold-blooded
a: no special abilities


You were on level 3 of the Dungeon.
You visited 1 branch of the dungeon, and saw 3 of its levels.

You collected 176 gold pieces.
You spent 49 gold pieces at shops.

Inventory:

Hand Weapons
 a - a +0 dagger (weapon)
 l - a +5 club
Missiles
 u - 2 atropa-tipped darts
 x - 5 poisoned darts
Armour
 b - a +0 pair of boots (worn)
 p - a +0 buckler (worn)
 w - a +0 pair of gloves (worn)
Jewellery
 q - a +4 ring of slaying (left hand)
 s - an amulet of reflection (around neck)
 t - the ring of Xobim (right hand) {Wiz Dex+4}
   (You found it on level 3 of the Dungeon)

   [ring of wizardry]

   It improves your spell success rate.
   Dex:       It affects your dexterity (+4).
 y - an amulet of the acrobat
Wands
 k - a wand of flame (21)
Scrolls
 c - 2 scrolls of teleportation {unknown}
 d - 3 scrolls of identify {unknown}
 e - 2 scrolls of fear {unknown}
 f - a scroll of butterflies {unknown}
 i - a scroll of silence {unknown}
 o - a scroll of vulnerability {unknown}
Potions
 g - a potion of magic
 h - a potion of resistance {unknown}
 j - a potion of heal wounds {unknown}
 m - 2 potions of haste {unknown}
 n - a potion of invisibility {unknown}
 r - a potion of degeneration {unknown}
 v - 2 potions of brilliance {unknown}
 z - a potion of might {unknown}


   Skills:
 + Level 2.7 Dodging
 + Level 2.9 Stealth
 + Level 1.0 Shields
 + Level 2.8 Spellcasting
 * Level 5.2 Conjurations
 + Level 0.7 Evocations


You had 3 spell levels left.
You knew the following spells:

 Your Spells              Type           Power      Damage    Failure   Level
a - Magic Dart            Conj           92%        1d7       1%          1
b - Searing Ray           Conj           46%        2d6       1%          2
c - Dazzling Flash        Conj/Hex       26%        N/A       9%          3

Your spell library contained the following spells:

 Spells                   Type           Power      Damage    Failure   Level
 Freeze                   Ice            8%         1d3       9%          1
 Frozen Ramparts          Ice            4%         1d1       24%         3
 Gell's Gravitas          Tloc           2%         N/A       24%         3
 Teleport Other           Tloc           2%         N/A       24%         3
 Fulminant Prism          Conj/Hex       6%         3d7       26%         4
 Hailstorm                Conj/Ice       13%        3d5       26%         4
 Iskenderun's Mystic Bla  Conj/Tloc      13%        2d5       26%         4
 Dispersal                Tloc           1%         N/A       100%        6


Dungeon Overview and Level Annotations

Branches:
Dungeon (3/15)

Altars:

Shops:
D:2 [


Innate Abilities, Weirdness & Mutations

Your plain brown scales are hard. (AC +5)
You cannot fit into any form of body armour.
You are cold-blooded and may be slowed by cold attacks.


Message History

Aim: an orc warrior, wielding a +0 dire flail and wearing a +0 plate armour (moderately wounded, 68% to hit)
The puff of flame hits the orc warrior.
The orc warrior is moderately wounded.
The orc priest calls down the wrath of Beogh upon you.
Beogh smites you!
The orc warrior hits you but does no damage.
Unknown command.
Aiming: Throw Flame
Press: ? - help, Shift-Dir - straight line, f/p - orc warrior
Aim: an orc warrior, wielding a +0 dire flail and wearing a +0 plate armour (moderately wounded, 68% to hit)
The puff of flame hits the orc warrior!
The orc warrior is heavily wounded.
You block the orc warrior's attack.
Aiming: Throw Flame
Press: ? - help, Shift-Dir - straight line, f/p - orc warrior
Aim: an orc warrior, wielding a +0 dire flail and wearing a +0 plate armour (heavily wounded, 68% to hit)
The puff of flame hits the orc warrior.
The orc warrior is heavily wounded.
The orc warrior hits you with a +0 dire flail!
* * * LOW HITPOINT WARNING * * *
The orc warrior attacks as you move away!
You block the orc warrior's attack.
Aiming: Throw Flame
Press: ? - help, Shift-Dir - straight line, f/p - orc warrior
Aim: an orc warrior, wielding a +0 dire flail and wearing a +0 plate armour (heavily wounded, 68% to hit)
The puff of flame hits the orc warrior but does no damage.
The orc warrior is heavily wounded.
You block the orc warrior's attack.
Aiming: Throw Flame
Press: ? - help, Shift-Dir - straight line, f/p - orc warrior
Aim: an orc warrior, wielding a +0 dire flail and wearing a +0 plate armour (heavily wounded, 68% to hit)
The puff of flame hits the orc warrior but does no damage.
The orc warrior is heavily wounded.
The orc warrior closely misses you.
Aiming: Throw Flame
Press: ? - help, Shift-Dir - straight line, f/p - orc warrior
Aim: an orc warrior, wielding a +0 dire flail and wearing a +0 plate armour (heavily wounded, 68% to hit)
The puff of flame misses the orc warrior.
The orc warrior hits you with a +0 dire flail!
You die...

...#
..........#.~~...~.~
####
######.#.#..~.~~~.~..
##..#~~~~≈≈.~...
######:.....≈_.≈....
#.......#~~~~≈≈.~...
#o####..#..~.~~~.~..
#.# #.#.#.~~...~.~#
####
####o####.##.#~.....~..
...#
#....o@.#.###.#.....#.#
...#
#.##.##.#.###..#####.##
##.#
#.##.##................
#.#
#.##......#.....#######
##.# #.##########...##
...# ### ##.## ##.# #.#
...# #.# #### ♣♣####'##


You could see an orc warrior and an orc priest.

Vanquished Creatures
  An ogre (D:2)
  Jessica (D:2)
  4 adders
  A worm (D:2)
  3 dart slugs
  An orc (D:3)
  2 endoplasms
  6 giant cockroaches
  4 goblins
  7 hobgoblins
  5 kobolds
  8 quokkas
  4 ball pythons
  5 bats
  2 frilled lizards
  9 rats
63 creatures vanquished.

Notes
Turn   | Place    | Note
-------+----------+-------------------------------------------
     0 | D:1      | sankara the Draconian Conjurer began the quest for the Orb.
     0 | D:1      | Reached XP level 1. HP: 14/14 MP: 3/3
   248 | D:1      | Reached XP level 2. HP: 20/20 MP: 0/5
   251 | D:1      | Learned a level 2 spell: Searing Ray
  1001 | D:1      | Reached XP level 3. HP: 26/26 MP: 2/6
  1231 | D:2      | Noticed Jessica
  1233 | D:2      | Killed Jessica
  1359 | D:2      | Reached XP level 4. HP: 33/33 MP: 1/7
  1461 | D:2      | Learned a level 3 spell: Dazzling Flash
  1793 | D:2      | Found Volusop's Armour Shoppe.
  1801 | D:2      | Bought a +0 buckler for 49 gold pieces
  2042 | D:3      | Identified the ring of Xobim {Wiz Dex+4}
  2596 | D:3      | Reached skill level 5 in Conjurations
  2727 | D:3      | Found a faded altar of an unknown god.
  2763 | D:3      | Noticed an orc warrior
  2766 | D:3      | Identified the +0 leather armour "Ypnuen" {rN++}
  3070 | D:3      | Reached XP level 5. HP: 22/38 MP: 5/9
  3081 | D:2      | Noticed an ogre
  3299 | D:2      | Killed an ogre
  3300 | D:2      | Reached skill level 1 in Shields
  3643 | D:3      | Slain by an orc warrior

Illustrated notes

Levels and vault maps discovered:
D:1:      lightli_arrival_lavapool, layout_basic, serial_corexii_hall,
          corexii_hall_statues_deadend, corexii_hall_statues_i
D:2:      layout_rooms, serial_shops, shop, minivault_26, uniq_jessica
D:3:      layout_loops_corners, shapermc_ecumenical_altar_starsandcircs,
          serial_rivers, chequers_serial_rivers_room_a,
          chequers_serial_rivers_micro_d, chequers_serial_rivers_micro_e,
          chequers_serial_rivers_small_a, chequers_serial_rivers_large_a,
          minmay_misc_feat_tiny, uniq_crazy_yiuf_cottage

Skill      XL: |  1  2  3  4  5 |
---------------+----------------+-----
Stealth        | 2 |  2.9
Dodging        | 2 |  2.7
Conjurations   | 5 |  5.2
Shields        | 1 |  1.0
Spellcasting   | |  2.8
Evocations     | |  0.7

Action                   |  1- 3 |  4- 6 || total
-------------------------+-------+-------++-------
Melee: Unarmed           |     1 |       ||     1
       Dagger            |    10 |     3 ||    13
 Cast: Magic Dart        |    52 |    65 ||   117
       Searing Ray       |       |     5 ||     5
Evoke: Wand              |       |     6 ||     6
Armor: Skin              |     4 |     3 ||     7
Dodge: Dodged            |     9 |    13 ||    22
Block: Buckler           |       |    12 ||    12
